 Dungeon Crawl Stone Soup version 0.27-a0-1245-g940ed4fa31 (webtiles) character file.

Game seed: 2367837472118327851

77 Mesmaeker13 the Caller (level 4, 0/30 HPs)
             Began as a Mummy Summoner on June 9, 2021.
             Slain by a white imp (2 damage)
             ... summoned by Natasha
             ... on level 3 of the Dungeon.
             The game lasted 00:03:44 (3640 turns).

Mesmaeker13 the Caller (Mummy Summoner)             Turns: 3640, Time: 00:03:45

Health: 0/30       AC:  4    Str: 17    XL:     4   Next: 13%
Magic:  5/9        EV: 12    Int: 15    God:
Gold:   95         SH:  0    Dex: 12    Spells: 4/10 levels left

rFire    x . .     SeeInvis .   j - +0 dagger (venom)
rCold    + . .     Faith    .   (no shield)
rNeg     + + +     Spirit   .   a - +0 robe
rPois    ∞         Reflect  .   k - +0 helmet
rElec    .         Harm     .   (no cloak)
rCorr    .         Rampage  .   b - +0 pair of gloves
Will     .....                  (no boots)
Stlth    ++........             (no amulet)
HPRegen  0.10/turn              c - +6 ring of strength
MPRegen  0.11/turn              l - ring of flight

@: flying, slowed, very slow
A: cold resistance 1, negative energy resistance 3, torment resistance 2, heat
vulnerability 1, no potions
a: no special abilities


You were on level 3 of the Dungeon.
You visited 1 branch of the dungeon, and saw 3 of its levels.

You collected 95 gold pieces.

Inventory:

Hand Weapons
 j - a +0 dagger of venom (weapon)
Armour
 a - a +0 robe (worn)
 b - a +0 pair of gloves (worn)
 k - a +0 helmet (worn)
Magical Staves
 d - a staff of air
Jewellery
 c - a +6 ring of strength (left hand)
 l - a ring of flight (right hand)
Scrolls
 e - a scroll of enchant weapon {unknown}
 f - a scroll of noise {unknown}
 g - 2 scrolls of enchant armour {unknown}
 h - a scroll of identify {unknown}
 i - a scroll of fog {unknown}


   Skills:
 + Level 2.4 Dodging
 - Level 1.5 Stealth
 + Level 3.8 Spellcasting
 + Level 3.8 Summonings


You had 4 spell levels left.
You knew the following spells:

 Your Spells              Type           Power      Damage    Failure   Level
a - Summon Small Mammal   Summ           56%        N/A       3%          1
b - Call Imp              Summ           14%        N/A       6%          2
c - Call Canine Familiar  Summ           14%        N/A       12%         3

Your spell library contained the following spells:

 Spells                   Type           Power      Damage    Failure   Level
 Summon Guardian Golem    Hex/Summ       8%         N/A       26%         3
 Summon Ice Beast         Ice/Summ       8%         N/A       63%         4
 Summon Lightning Spire   Summ/Air       8%         N/A       63%         4


Dungeon Overview and Level Annotations

Branches:
Dungeon (3/15)

Altars:
Nemelex Xobeh

Shops:
D:2 :[[?

Annotations:
D:3 Natasha


Innate Abilities, Weirdness & Mutations

You are immune to poison.
Your flesh is cold resistant. (rC+)
You are immune to negative energy. (rN+++)
You are immune to unholy pain and torment.
You are vulnerable to heat. (rF-)
You do not drink.


Message History

The kobold hits you with a +1 dagger of venom.
Your crimson imp hits the kobold but does no damage.
The white imp hits you. The white imp freezes you. You resist.
Natasha claws you.
The kobold hits your crimson imp with a +1 dagger of venom.
Your crimson imp is poisoned.
Unknown command.
You hit the white imp.
The white imp is lightly wounded.
Your crimson imp completely misses the kobold.
The white imp hits you but does no damage.
Natasha claws you.
The kobold completely misses your crimson imp.
Your crimson imp closely misses the kobold.
The white imp shouts, "Give up, thou qualling weeb-spouting haggard!"
The white imp gestures at you. The puff of frost hits you. You resist.
Your crimson imp hits Natasha.
Unknown command.
You completely miss Natasha.
Natasha is moderately wounded.
Your crimson imp blinks!
Natasha claws you but does no damage. The kobold misses your crimson imp.
Your crimson imp closely misses the kobold.
Your crimson imp misses Natasha.
The white imp barely misses you. Natasha barely misses you.
The kobold hits your crimson imp with a +1 dagger of venom.
Your crimson imp looks as sick as possible!
You hit Natasha.
Natasha is heavily wounded.
Your crimson imp hits the kobold.
The kobold dies!
Your crimson imp closely misses Natasha.
The white imp hits you. The white imp freezes you. You resist.
* * * LOW HITPOINT WARNING * * *
Natasha claws you.
* * * LOW HITPOINT WARNING * * *
Your crimson imp barely misses Natasha.
The white imp hits you.
* * * LOW HITPOINT WARNING * * *
The white imp freezes you. You resist.
You die...

#.# # . # #.# ####### .. #.
#.# #...... ... #. #.#
#.##### ....#.########.# #.#
............##.########.#####
.......§....##.......[......#
#.......5###...##......#.#
#......5h@5.........[..#.#
#......5)###...##......#.#
#........# #...##......#.#
#........###...#########.#
########.......#########.#
#####.........÷.........#
#..†#.#.......###########
#...#.#.......#..........
##...#.#.......#.#########


You could see Natasha (ally target), a white imp (summoned, very poisoned, ally
target) and 3 friendly crimson imps.

Vanquished Creatures
  A dart slug (D:1)
  7 ball pythons
  4 bats
  2 endoplasms
  A giant cockroach (D:3)
  A hobgoblin (D:3)
  2 jackals (D:1)
  A frilled lizard (D:2)
  3 goblins
  4 kobolds
  4 rats
30 creatures vanquished.

Vanquished Creatures (collateral kills)
  A hound (D:3)
  An adder (D:2)
  A worm (D:2)
  3 ball pythons
  2 bats (D:1)
  3 endoplasms
  A giant cockroach (D:1)
  4 goblins
  2 jackals
  3 kobolds
  3 quokkas
  A frilled lizard (D:1)
25 creatures vanquished.

Grand Total: 55 creatures vanquished

Notes
Turn   | Place    | Note
-------+----------+-------------------------------------------
     0 | D:1      | Mesmaeker13 the Mummy Summoner began the quest for the Orb.
     0 | D:1      | Reached XP level 1. HP: 13/13 MP: 4/4
   516 | D:1      | Reached XP level 2. HP: 19/19 MP: 6/6
  1312 | D:1      | Reached XP level 3. HP: 15/24 MP: 3/7
  1714 | D:2      | Learned a level 2 spell: Call Imp
  1780 | D:2      | Found Xoshrokhla's Magic Scroll Emporium.
  1899 | D:2      | Found a sparkling altar of Nemelex Xobeh.
  2030 | D:2      | Found Poptong's Book Boutique.
  2208 | D:2      | Found Letowka's Antique Armour Boutique.
  2658 | D:2      | Found Hoats's Antique Armour Boutique.
  2774 | D:2      | Found a faded altar of an unknown god.
  3006 | D:3      | Learned a level 3 spell: Call Canine Familiar
  3148 | D:3      | Reached XP level 4. HP: 30/30 MP: 3/9
  3621 | D:3      | Noticed Natasha
  3640 | D:3      | Slain by a white imp

Illustrated notes

Levels and vault maps discovered:
D:1:      zelgadis_glass_arrival_small, layout_loops_ring
D:2:      layout_loops_corners, basic_altar,
          hellmonk_ecumenical_altar_leap_of_faith, serial_shops, shop,
          shop_fountains, shop_scrolls, nicolae_shop_waterfront
D:3:      layout_basic, st_stairs_10, uniq_sigmund, uniq_natasha

Skill      XL: |  1  2 |
---------------+-------+-----
Spellcasting   | 3 |  3.8
Dodging        | 2 |  2.4
Stealth        | |  1.5
Summonings     | |  3.8

Action                   |  1- 3 |  4- 6 || total
-------------------------+-------+-------++-------
Melee: Dagger            |   110 |    22 ||   132
 Cast: Summon Small Mamm |    24 |       ||    24
       Call Imp          |    10 |     9 ||    19
 Stab: Sleeping          |     5 |     1 ||     6
Armor: Robe              |    31 |     9 ||    40
Dodge: Dodged            |    87 |    18 ||   105

Table legend: (Time is in decaauts)
 A = Elapsed time spent in this place.
 B = Non-inter-level travel time spent in this place.
 C = Inter-level travel time spent in this place.
 D = Time resting spent in this place.
 E = Time spent auto-exploring this place.
 F = Levels seen in this place.
 G = Mean time per level.
                   A        B        C        D        E       F      G
               +--------+--------+--------+--------+--------+-----+--------+
         Total |   3639 |   3597 |     42 |    467 |   2573 |   3 | 1213.0 |
       Dungeon |   3639 |   3597 |     42 |    467 |   2573 |   3 | 1213.0 |
               +--------+--------+--------+--------+--------+-----+--------+

Top non-repeatable levels by time:
     D:1: 1706 daAuts
     D:2: 1293 daAuts
     D:3: 639 daAuts
